 Dungeon Crawl Stone Soup version 0.27.0-1-g7a089689b8 (webtiles) character file.

Game seed: 18125495778546067837

1304 avis the Insei (level 8, -4/63 HPs)
             Began as a Demigod Transmuter on Aug 2, 2021.
             Slain by a sky beast (6 damage)
             ... on level 6 of the Dungeon.
             The game lasted 00:31:07 (6203 turns).

avis the Insei (Demigod Transmuter)                 Turns: 6203, Time: 00:31:07

Health: -4/63      AC:  2    Str: 15    XL:     8   Next: 10%
Magic:  12/14      EV: 20    Int: 15    God:
Gold:   163        SH:  0    Dex: 23    Spells: 3/11 levels left

rFire    + . .     SeeInvis .     - Unarmed
rCold    + . .     Faith    .   (shield currently unavailable)
rNeg     . . .     Spirit   .   (armour currently unavailable)
rPois    x         Reflect  .   (helmet currently unavailable)
rElec    .         Harm     .   (cloak currently unavailable)
rCorr    .         Rampage  .   (gloves currently unavailable)
Will     .....                  (boots currently unavailable)
Stlth    ++........             (no amulet)
HPRegen  0.20/turn              j - ring of protection from fire
MPRegen  0.14/turn              D - ring of protection from cold

@: spider-form
A: venomous fangs, tiny, high mp 1, forlorn
a: End Transformation


You were on level 6 of the Dungeon.
You were a venomous arachnid creature.
You visited 1 branch of the dungeon, and saw 6 of its levels.

You collected 163 gold pieces.

Inventory:

Hand Weapons
 b - a +0 fustibalus
 n - a +0 short sword of draining
 w - a +5 flail of holy wrath
 A - a +0 dagger
 C - a +0 lajatang
 E - a +0 hand crossbow
Missiles
 f - 90 stones
 o - 17 sling bullets
 r - 44 bolts
 s - 14 poisoned darts
 y - 2 boomerangs
 F - 25 arrows
Armour
 a - a +0 robe
 h - a +0 leather armour (melded)
 l - a +3 scale mail
Jewellery
 j - a ring of protection from fire (left front leg)
 v - an amulet of faith
 D - a ring of protection from cold (right front leg)
Scrolls
 c - 2 scrolls of teleportation {unknown}
 g - a scroll of torment {unknown}
 k - 4 scrolls of identify
 m - a scroll of noise {unknown}
 p - a scroll of enchant armour {unknown}
 t - a scroll of enchant weapon {unknown}
Potions
 d - a potion of heal wounds {unknown}
 i - a potion of haste {unknown}
 q - 2 potions of attraction
 u - a potion of magic
 x - a potion of flight {unknown}
 z - a potion of lignification {unknown}
 B - a potion of degeneration {unknown}


   Skills:
 - Level 3.0 Fighting
 - Level 2.0 Dodging
 - Level 2.0 Stealth
 * Level 5.6 Unarmed Combat
 - Level 2.0 Spellcasting
 - Level 5.0 Transmutations
 - Level 4.0 Ice Magic
 - Level 2.0 Poison Magic


You had 3 spell levels left.
You knew the following spells:

 Your Spells              Type           Power      Damage    Failure   Level
a - Beastly Appendage     Tmut           32%        N/A       10%         1
p - Spider Form           Tmut/Pois      6%         N/A       34%         3
q - Ice Form              Ice/Tmut       15%        N/A       56%         4

Your spell library contained the following spells:

 Spells                   Type           Power      Damage    Failure   Level
 Wereblood                Tmut           16%        N/A       13%         2
 Animate Skeleton         Necr           2%         N/A       43%         1
 Foxfire                  Conj/Fire      4%         2x1d4     43%         1
 Pain                     Necr           4%         1d4       43%         1
 Call Canine Familiar     Summ           1%         N/A       75%         3
 Conjure Flame            Conj/Fire      1%         6-21      75%         3
 Inner Flame              Hex/Fire       1%         N/A       75%         3
 Portal Projectile        Hex/Tloc       2%         N/A       75%         3
 Vampiric Draining        Necr           0%         2d6       75%         3
 Leda's Liquefaction      Hex/Erth       0%         N/A       98%         4


Dungeon Overview and Level Annotations

Branches:
Dungeon (6/15)
 Temple: D:4-7

Shops:
D:3 (!


Innate Abilities, Weirdness & Mutations

You are a venomous arachnid creature.
You have poisonous fangs.
You are tiny and dextrous.
Your spellcasting is less reliable in this form.
Your armour is entirely melded.
You are incapable of wielding weapons or throwing items.
Your attributes grow dramatically as you level up.
You have an increased reservoir of magic. (+10% MP)
You shall have no god before yourself.


Message History

* * * LOW HITPOINT WARNING * * *
You closely miss something. Something hits you.
* * * LOW HITPOINT WARNING * * *
Something shocks you.
* * * LOW HITPOINT WARNING * * *
You hit something but do no damage. Something hits you.
* * * LOW HITPOINT WARNING * * *
Something shocks you.
* * * LOW HITPOINT WARNING * * *
You feel better. Something hits you.
* * * LOW HITPOINT WARNING * * *
Something shocks you.
* * * LOW HITPOINT WARNING * * *
You feel better. Something hits you.
* * * LOW HITPOINT WARNING * * *
Something shocks you.
* * * LOW HITPOINT WARNING * * *
As you read the scroll labelled YCKOLU PAB UMU, it crumbles to dust.
It is a scroll of identify.
q - 2 potions of attraction Something closely misses you.
Your magical contamination has completely faded away.
Your transformation is almost over.
You are no longer glowing.
The gnoll throws a poisoned dart.
The poisoned dart misses you.
A sky beast appears from thin air!
Reactivating autopickup.
It was a potion of magic.
Magic courses through your body. The sky beast completely misses you.
The sky beast looks more healthy.
Your transformation has ended.
Your +0 leather armour unmelds from your body.
Casting: Spider Form (dangerous; 19% risk of failure)
Confirm with . or Enter, or press ? or * to list all spells.
You turn into a venomous arachnid creature.
Your +0 leather armour melds into your body.
The sky beast hits you.
* * * LOW HITPOINT WARNING * * *
The sky beast shocks you.
You die...

#####################
#..........gYs.......
#.###################
#)# #g# ... ..# <..#
...# ....#


You could see a sky beast and a gnoll.

Vanquished Creatures
  Sigmund (D:2)
  Edmund (D:4)
  2 ogres
  A kobold brigand (D:5)
  4 scorpions
  A water moccasin skeleton (D:3)
  An orc priest (D:5)
  A hound (D:5)
  A gnoll shaman (D:6)
  2 iguanas
  Terence (D:2)
  6 orc wizards
  7 adders
  2 gnolls (D:6)
  An adder zombie (D:3)
  2 worms
  4 dart slugs
  8 orcs
  4 ball pythons
  8 bats
  10 endoplasms
  5 giant cockroaches
  4 hobgoblins
  3 jackals (D:2)
  2 quokkas
  4 frilled lizards
  9 goblins
  15 kobolds
  A rat (D:1)
111 creatures vanquished.

Notes
Turn   | Place    | Note
-------+----------+-------------------------------------------
     0 | D:1      | avis the Demigod Transmuter began the quest for the Orb.
     0 | D:1      | Reached XP level 1. HP: 15/15 MP: 5/5
   136 | D:1      | Reached skill level 1 in Fighting
   425 | D:1      | Reached XP level 2. HP: 23/23 MP: 5/7
   712 | D:1      | Reached skill level 1 in Stealth
   948 | D:1      | Reached skill level 1 in Poison Magic
   993 | D:1      | Reached XP level 3. HP: 24/28 MP: 8/8
  1039 | D:1      | Learned a level 3 spell: Spider Form
  1471 | D:2      | You fall into a shaft and drop 2 floors!
  1482 | D:4      | Noticed an ogre
  2090 | D:2      | Noticed Sigmund
  2147 | D:2      | Killed Sigmund
  2148 | D:2      | Reached XP level 4. HP: 19/36 MP: 6/9
  2148 | D:2      | Reached XP level 5. HP: 22/41 MP: 6/10
  2310 | D:2      | Noticed Terence
  2409 | D:2      | Killed Terence
  2805 | D:3      | Found Jenkouh's Antique Weapon Shop.
  3070 | D:3      | Reached XP level 6. HP: 35/51 MP: 11/11
  3204 | D:3      | Found Voiroemaso's Distillery.
  3607 | D:3      | Learned a level 4 spell: Ice Form
  3801 | D:4      | Noticed Edmund
  3821 | D:4      | HP: 2/51 [Edmund (12)]
  3823 | D:4      | Killed Edmund
  3824 | D:4      | Reached skill level 5 in Unarmed Combat
  4217 | D:4      | Reached skill level 1 in Ice Magic
  4217 | D:4      | Reached XP level 7. HP: 57/57 MP: 10/13
  5257 | D:5      | Entered Level 5 of the Dungeon
  5547 | D:5      | Reached skill level 5 in Transmutations
  6114 | D:5      | Reached XP level 8. HP: 58/63 MP: 10/14
  6158 | D:5      | You fall into a shaft and drop 1 floor!
  6186 | D:6      | HP: 2/63 [something (6)]
  6203 | D:6      | HP: 2/63 [sky beast (2)]
  6203 | D:6      | Slain by a sky beast

Illustrated notes

Levels and vault maps discovered:
D:1:      elethiomel_arrival_shortcut, layout_loops_cross,
          shapermc_ecumenical_altar_acropolis, minmay_domino_2
D:2:      layout_basic, uniq_terence, uniq_sigmund
D:3:      layout_basic, mainiacjoe_overflow_tiny_flanked, serial_shops, shop,
          shop, kennysheep_generic_room_8
D:4:      layout_loops_corners, uniq_edmund
D:5:      layout_basic
D:6:      layout_basic, lemuel_doored_altar, grunt_qazlal_clouds, uniq_maggie,
          uniq_blork_the_orc

Skill      XL: |  1  2  3  4  5  6  7 |
---------------+----------------------+-----
Unarmed Combat | 3 4 5 |  5.6
Fighting       | 1 2 3 |  3.0
Dodging        | 2 |  2.0
Transmutations | 2 3 4 5 |  5.0
Spellcasting   | 2 |  2.0
Stealth        | 1 2 |  2.0
Poison Magic   | 1 2 |  2.0
Ice Magic      | 1 4 |  4.0

Action                   |  1- 3 |  4- 6 |  7- 9 || total
-------------------------+-------+-------+-------++-------
Melee: Unarmed           |   111 |    77 |   124 ||   312
       Kick              |    18 |     8 |     1 ||    27
       Headbutt          |     4 |     5 |       ||     9
       Short sword       |       |    24 |       ||    24
       Punch             |       |     2 |       ||     2
 Cast: Beastly Appendage |    21 |     6 |     2 ||    29
       Spider Form       |     9 |    19 |    18 ||    46
  Use: Potion            |       |       |     5 ||     5
       Scroll            |       |       |     1 ||     1
 Stab: Sleeping          |     6 |     4 |     2 ||    12
Armor: Robe              |    16 |       |       ||    16
       Skin              |       |     3 |     2 ||     5
       Leather armour    |       |     2 |     3 ||     5
Dodge: Dodged            |    59 |    59 |    74 ||   192
